[Event "Titled Tuesday Blitz July 18 Late 2023"]
[White "Mackster23"]
[Black "Sjugirov, Sanan"]
[BlackFideId "4189302"]
[WhiteElo "2474"]
[BlackElo "2949"]
[Result "1-0"]
[Round "1"]
[TimeControl "180+2"]
[Date "2023.07.18"]
[WhiteClock "0:00:10"]
[BlackClock "0:00:07"]
[Board "25"]

1. e4 c5 2. Nc3 a6 3. d4 cxd4 4. Qxd4 Nc6 5. Qd2 b5 6. b3 g6 7. Bb2 Bg7 8. O-O-O Bb7 9. f3 d6 10. Bd3 b4 11. Nd5 Bxb2+ 12. Kxb2 Qa5 13. a4 e6 14. Ne3 Qc5 15. Ne2 Nf6 16. h4 Rd8 17. g4 Ne5 18. Rhf1 O-O 19. h5 d5 20. exd5 Nxd5 21. Nxd5 Bxd5 22. Qf4 Qd6 23. Be4 Qc7 24. Bxd5 exd5 25. Rd4 Rc8 26. Rc1 Qd6 27. Rcd1 Rfe8 28. Rxd5 Qc6 29. R1d2 Qc7 30. hxg6 hxg6 31. Qg3 Qe7 32. f4 Nc6 33. g5 Qf8 34. Nd4 Nxd4 35. R5xd4 Qc5 36. R4d3 a5 37. Qh3 Qf8 38. Rh2 Qg7+ 39. Ka2 Re1 40. c3 bxc3 41. Rc2 Rce8 42. Rdxc3 R1e2 43. Kb1 Re1+ 44. Ka2 R1e2 45. Kb1 R2e4 46. Qd3 Re1+ 47. Kb2 R1e4 48. Ka2 Rxf4 49. Rc8 Re4 50. Qxe4 Rf8 51. Rxf8+ Qxf8 52. Qc6 Qb4 53. Qc8+ Kh7 54. Rh2+ Kg7 55. Qh8# 1-0


[Site "https://www.chess.com"]

[Event "Titled Tuesday Blitz July 18 Late 2023"]
[White "Van Foreest, Jorden"]
[Black "Petukhov, Dmitry"]
[WhiteFideId "1039784"]
[BlackFideId "4142748"]
[WhiteElo "2947"]
[BlackElo "2474"]
[Result "1-0"]
[Round "1"]
[TimeControl "180+2"]
[Date "2023.07.18"]
[WhiteClock "0:00:38"]
[BlackClock "0:00:00"]
[Board "26"]

1. e4 c5 2. Nc3 Nc6 3. Nf3 d6 4. Bb5 Bd7 5. O-O a6 6. Bxc6 Bxc6 7. d4 cxd4 8. Nxd4 e5 9. Nf5 g6 10. Ne3 Nf6 11. Qd3 Bh6 12. Nc4 Bf8 13. Bg5 h6 14. Bh4 g5 15. Bg3 b5 16. Ne3 b4 17. Ncd5 Nxd5 18. Nxd5 Bb5 19. c4 bxc3 20. Qxc3 Rc8 21. Nf6+ Ke7 22. Nd5+ Ke8 23. Qb3 Bxf1 24. Rxf1 Be7 25. f3 Kf8 26. Qb7 Rb8 27. Qxa6 Rxb2 28. Qa7 Bf6 29. Rc1 Kg7 30. Rc7 Rf8 31. h3 Qb8 32. Qa3 Rd8 33. Kh2 h5 34. Be1 g4 35. fxg4 Bg5 36. Qf3 Bf4+ 37. Bg3 Bxg3+ 38. Kxg3 h4+ 39. Kh2 Qxc7 40. Qf6+ Kf8 41. Nxc7 Ra8 42. Qh8+ 1-0


[Site "https://www.chess.com"]

[Event "Titled Tuesday Blitz July 18 Late 2023"]
[White "Roberson, Peter T"]
[Black "Matlakov, Maxim"]
[WhiteFideId "412384"]
[BlackFideId "4168003"]
[WhiteElo "2472"]
[BlackElo "2946"]
[Result "0-1"]
[Round "1"]
[TimeControl "180+2"]
[Date "2023.07.18"]
[WhiteClock "0:00:50"]
[BlackClock "0:01:30"]
[Board "27"]

1. e4 e5 2. Nf3 Nc6 3. Bb5 a6 4. Ba4 Nge7 5. d4 exd4 6. Nxd4 Nxd4 7. Qxd4 Ng6 8. O-O b5 9. Bb3 Bb7 10. Qc3 Bd6 11. f4 Qe7 12. Qxg7 O-O-O 13. Bd5 Bxd5 14. exd5 Bc5+ 15. Kh1 Qe2 16. Nd2 Rhg8 17. Qc3 Nh4 18. Qh3 Rxg2 19. Qxh4 Qxf1+ 20. Nxf1 Rg1# 0-1


[Site "https://www.chess.com"]

[Event "Titled Tuesday Blitz July 18 Late 2023"]
[White "Terry, Renato"]
[Black "Michalczak, Thomas"]
[WhiteFideId "3803457"]
[BlackFideId "4622634"]
[WhiteElo "2941"]
[BlackElo "2470"]
[Result "1-0"]
[Round "1"]
[TimeControl "180+2"]
[Date "2023.07.18"]
[WhiteClock "0:02:32"]
[BlackClock "0:00:15"]
[Board "28"]

1. e4 e5 2. Nf3 Nc6 3. c3 d5 4. Qa4 Bd7 5. exd5 Nd4 6. Qd1 Nxf3+ 7. Qxf3 Nf6 8. Bc4 e4 9. Qe2 Bd6 10. d4 O-O 11. Bg5 h6 12. Bh4 Re8 13. Nd2 b5 14. Bb3 a5 15. a3 g5 16. Bg3 Bxg3 17. hxg3 e3 18. fxe3 Ng4 19. e4 Qe7 20. e5 b4 21. a4 bxc3 22. bxc3 Rab8 23. O-O 1-0


[Site "https://www.chess.com"]

[Event "Titled Tuesday Blitz July 18 Late 2023"]
[White "Alboredo, Julia"]
[Black "Antipov, Mikhail Al."]
[WhiteFideId "2124807"]
[BlackFideId "4107012"]
[WhiteElo "2469"]
[BlackElo "2925"]
[Result "0-1"]
[Round "1"]
[TimeControl "180+2"]
[Date "2023.07.18"]
[WhiteClock "0:01:00"]
[BlackClock "0:01:43"]
[Board "29"]

1. e4 c5 2. Nf3 Nc6 3. Bc4 e6 4. O-O Nf6 5. Re1 Qc7 6. Nc3 a6 7. a4 Bd6 8. h3 g5 9. d4 cxd4 10. Nxd4 Rg8 11. Ndb5 axb5 12. Nxb5 Bh2+ 13. Kh1 Qe5 14. Bd2 Qb8 15. Bc3 Be5 16. Bxe5 Qxe5 17. Nd6+ Ke7 18. c3 Qxd6 0-1


[Site "https://www.chess.com"]

[Event "Titled Tuesday Blitz July 18 Late 2023"]
[White "Anton Guijarro, David"]
[Black "WindWhistler11"]
[WhiteFideId "2285525"]
[WhiteElo "2925"]
[BlackElo "2468"]
[Result "1-0"]
[Round "1"]
[TimeControl "180+2"]
[Date "2023.07.18"]
[WhiteClock "0:00:42"]
[BlackClock "0:00:07"]
[Board "30"]

1. d4 Nf6 2. c3 e6 3. Bg5 Be7 4. Nd2 d5 5. e3 b6 6. Ngf3 Bb7 7. Bd3 Nbd7 8. O-O O-O 9. a4 a6 10. h3 c5 11. Bf4 Ne4 12. Qe2 f5 13. Rfd1 c4 14. Bc2 a5 15. Ne5 Bh4 16. Rf1 Bf6 17. Nxd7 Qxd7 18. Nf3 Qe8 19. Ne5 g5 20. Bh2 Bg7 21. f3 Nf6 22. g4 Nd7 23. gxf5 exf5 24. f4 Nxe5 25. fxe5 Bc8 26. Qg2 h6 27. Qxd5+ Be6 28. Qg2 Rd8 29. Rf2 Kh8 30. Raf1 Bd5 31. e4 fxe4 32. Rxf8+ Bxf8 33. Bxe4 Bg8 34. d5 Bg7 35. e6 Qxa4 36. e7 Re8 37. d6 Rc8 38. Bf5 1-0


[Site "https://www.chess.com"]

[Event "Titled Tuesday Blitz July 18 Late 2023"]
[White "szachmistrz2500"]
[Black "Durarbayli, Vasif"]
[BlackFideId "13402935"]
[WhiteElo "2468"]
[BlackElo "2924"]
[Result "0-1"]
[Round "1"]
[TimeControl "180+2"]
[Date "2023.07.18"]
[WhiteClock "0:00:00"]
[BlackClock "0:00:13"]
[Board "31"]

1. e4 c5 2. d3 Nc6 3. g3 g6 4. Bg2 Bg7 5. f4 e6 6. Nf3 Nge7 7. O-O d5 8. e5 b5 9. Nbd2 Bb7 10. c3 Nf5 11. Qe2 b4 12. g4 Nfe7 13. c4 h5 14. h3 hxg4 15. hxg4 Qc7 16. b3 O-O-O 17. Bb2 g5 18. Nxg5 Ng6 19. cxd5 exd5 20. Rac1 Qb6 21. Qf2 Nxf4 22. Qxf4 c4+ 23. Rf2 c3 24. Bxc3 bxc3 25. Rxc3 Bh6 26. Ndf3 Rhg8 27. Qf5+ Kb8 28. Kf1 Nd4 29. Nxd4 Qxd4 30. Nxf7 Qxc3 31. Nxh6 Qc1+ 32. Ke2 Qxh6 33. e6 Ka8 34. Qe5 Rc8 35. e7 Rc2+ 36. Kf3 Rxf2+ 37. Kxf2 Qd2+ 38. Kg3 Qxd3+ 39. Kh4 Re8 40. g5 Qh7+ 41. Kg4 Qxe7 42. Qd4 Qe6+ 43. Kg3 Rg8 44. Qf4 Qg6 45. Kg4 Bc8+ 46. Kh4 Bb7 47. Kg3 Qxg5+ 48. Qxg5 Rxg5+ 0-1


[Site "https://www.chess.com"]

[Event "Titled Tuesday Blitz July 18 Late 2023"]
[White "Grigoriants, Sergey"]
[Black "Rama, Tejas"]
[WhiteFideId "4130804"]
[BlackFideId "30907381"]
[WhiteElo "2921"]
[BlackElo "2466"]
[Result "1-0"]
[Round "1"]
[TimeControl "180+2"]
[Date "2023.07.18"]
[WhiteClock "0:00:22"]
[BlackClock "0:00:09"]
[Board "32"]

1. d4 Nf6 2. c4 e6 3. Nc3 Bb4 4. e3 O-O 5. Bd3 d5 6. Nf3 c5 7. O-O b6 8. cxd5 exd5 9. a3 Ba5 10. Bd2 Ba6 11. Bxa6 Nxa6 12. dxc5 bxc5 13. Qa4 d4 14. exd4 cxd4 15. Nb5 Bxd2 16. Qxa6 Bf4 17. Nbxd4 Qd5 18. Nc6 Qh5 19. h3 Rfe8 20. Rfe1 Rxe1+ 21. Rxe1 h6 22. Qb7 Re8 23. Rxe8+ Nxe8 24. Qxa7 Qb5 25. Qd4 Bd6 26. Nce5 Nf6 27. Qxd6 1-0


[Site "https://www.chess.com"]

[Event "Titled Tuesday Blitz July 18 Late 2023"]
[White "NigelDwarf"]
[Black "Zhigalko, Sergei"]
[BlackFideId "13502956"]
[WhiteElo "2465"]
[BlackElo "2889"]
[Result "0-1"]
[Round "1"]
[TimeControl "180+2"]
[Date "2023.07.18"]
[WhiteClock "0:00:10"]
[BlackClock "0:00:41"]
[Board "33"]

1. Nf3 d5 2. c4 d4 3. b4 Bg4 4. e3 e5 5. c5 Nf6 6. h3 Bxf3 7. gxf3 Nc6 8. b5 Ne7 9. Rg1 Ng6 10. Ba3 Be7 11. Bc4 O-O 12. d3 Nd5 13. Qb3 c6 14. exd4 exd4 15. Bxd5 cxd5 16. Nd2 Rc8 17. Rc1 Bg5 18. Rc2 Re8+ 19. Kd1 Nf4 20. h4 Bxh4 21. Rg4 Ne2 22. Bb2 Bxf2 23. Ne4 dxe4 24. Rxe2 Bh4 25. Reg2 Bf6 26. fxe4 Rxc5 27. Qb4 b6 28. Rxg7+ Bxg7 29. Qxd4 Qxd4 30. Bxd4 Rce5 31. Bxe5 Rxe5 32. a4 Kf8 33. Kd2 Rc5 34. Rh2 h5 35. Ke3 Ke7 36. d4 Rc3+ 37. Kf4 Bxd4 38. Rxh5 Ra3 39. Rd5 Bc5 0-1


[Site "https://www.chess.com"]

[Event "Titled Tuesday Blitz July 18 Late 2023"]
[White "Rustemov, Alexander"]
[Black "Liu, Casper"]
[WhiteFideId "4119002"]
[BlackFideId "1454153"]
[WhiteElo "2882"]
[BlackElo "2464"]
[Result "1/2-1/2"]
[Round "1"]
[TimeControl "180+2"]
[Date "2023.07.18"]
[WhiteClock "0:01:37"]
[BlackClock "0:01:37"]
[Board "34"]

1. d4 Nf6 2. c4 g6 3. Nf3 Bg7 4. g3 O-O 5. Bg2 d6 6. Nc3 c6 7. O-O Qa5 8. h3 Qa6 9. Nd2 Be6 10. b3 c5 11. d5 Nxd5 12. cxd5 Bxc3 13. dxe6 Bxa1 14. exf7+ Kxf7 15. Nf3 Kg7 16. Ng5 Rf6 17. Be3 Be5 18. f4 Bd4 19. Bxd4 cxd4 20. Qxd4 Qb6 21. Ne6+ Kf7 22. Ng5+ Kg7 23. Ne6+ Kf7 24. Ng5+ Kg7 1/2-1/2


[Site "https://www.chess.com"]

[Event "Titled Tuesday Blitz July 18 Late 2023"]
[White "Bochnicka, Vladimir"]
[Black "Nguyen, Ngoc Truong Son"]
[WhiteFideId "14943450"]
[BlackFideId "12401110"]
[WhiteElo "2464"]
[BlackElo "2881"]
[Result "0-1"]
[Round "1"]
[TimeControl "180+2"]
[Date "2023.07.18"]
[WhiteClock "0:00:47"]
[BlackClock "0:00:40"]
[Board "35"]

1. e4 c5 2. Nf3 Nc6 3. Bb5 e6 4. O-O Nge7 5. d4 cxd4 6. Nxd4 a6 7. Nxc6 bxc6 8. Bd3 Qc7 9. Be3 d5 10. c4 Ng6 11. exd5 cxd5 12. cxd5 Bd6 13. g3 O-O 14. Nc3 e5 15. Rc1 Qb7 16. Ne4 Rd8 17. Rc6 Bf8 18. Bc4 Bf5 19. Ng5 h6 20. Nxf7 Qxf7 21. d6 Be6 22. Rc7 Bxc4 23. Rxf7 Bxf7 24. Bc5 Rac8 25. b4 Bxd6 26. Bb6 Bc7 0-1


[Site "https://www.chess.com"]

[Event "Titled Tuesday Blitz July 18 Late 2023"]
[White "Tang, Andrew"]
[Black "Zeman, Matyas"]
[WhiteFideId "2059630"]
[BlackFideId "364398"]
[WhiteElo "2878"]
[BlackElo "2463"]
[Result "1-0"]
[Round "1"]
[TimeControl "180+2"]
[Date "2023.07.18"]
[WhiteClock "0:02:04"]
[BlackClock "0:01:04"]
[Board "36"]

1. d4 Nf6 2. c4 e6 3. Nc3 d5 4. cxd5 exd5 5. Bg5 c6 6. e3 Bf5 7. Qf3 Bg6 8. Bxf6 Qxf6 9. Qxf6 gxf6 10. h4 h5 11. Kd2 Nd7 12. Nge2 Nb6 13. Nf4 Bh6 14. g3 Nc8 15. Bd3 Rg8 16. b4 Nd6 17. Nxg6 fxg6 18. b5 f5 19. Rab1 Kd7 20. bxc6+ bxc6 21. Na4 Rab8 22. Nc5+ Ke7 23. Na6 Rb6 24. Rhc1 Rgb8 25. Nxb8 1-0


[Site "https://www.chess.com"]

[Event "Titled Tuesday Blitz July 18 Late 2023"]
[White "Kleiman, Jake"]
[Black "Cordova, Emilio"]
[WhiteFideId "2020041"]
[BlackFideId "3801497"]
[WhiteElo "2461"]
[BlackElo "2872"]
[Result "1-0"]
[Round "1"]
[TimeControl "180+2"]
[Date "2023.07.18"]
[WhiteClock "0:00:35"]
[BlackClock "0:00:08"]
[Board "37"]

1. e4 c5 2. c3 a6 3. Nf3 e6 4. d4 d5 5. exd5 exd5 6. Bd3 c4 7. Bc2 Bd6 8. O-O Ne7 9. h3 O-O 10. Re1 Nbc6 11. Nbd2 Nf5 12. Nf1 h6 13. Ne3 Nxe3 14. Bxe3 Qf6 15. a4 Bd7 16. a5 Bc7 17. b4 Rfe8 18. Nh2 Qd6 19. Nf1 Re6 20. Qf3 Rae8 21. Bd2 Na7 22. Rxe6 Rxe6 23. Re1 Nb5 24. Rxe6 Bxe6 25. h4 Qd7 26. Qe2 Kf8 27. Ne3 Qd6 28. g3 Qe7 29. Qf3 Qd7 30. Nf5 Bxf5 31. Bxf5 Qd8 32. Be6 Nd6 33. Bxd5 Qe7 34. Bf4 Nb5 35. Bxc4 Bxf4 36. Qxf4 Nxc3 37. Qb8+ Qe8 38. Qxb7 Kg8 39. Kg2 Nd1 40. Qf3 Nb2 41. Bxa6 Qe6 42. Bf1 Na4 43. b5 Qd6 44. Bc4 1-0


[Site "https://www.chess.com"]

[Event "Titled Tuesday Blitz July 18 Late 2023"]
[White "Tin, Jingyao"]
[Black "Deviprasath, Sharvesh"]
[WhiteFideId "5804418"]
[BlackFideId "30938228"]
[WhiteElo "2864"]
[BlackElo "2460"]
[Result "1-0"]
[Round "1"]
[TimeControl "180+2"]
[Date "2023.07.18"]
[WhiteClock "0:01:55"]
[BlackClock "0:02:22"]
[Board "38"]

1. e4 c5 2. Nf3 Nc6 3. c3 d5 4. exd5 Qxd5 5. d4 Bf5 6. Na3 e6 7. Nb5 O-O-O 8. Be3 a6 9. Na3 cxd4 10. Nxd4 Nxd4 11. Qxd4 Bc5 12. Qxc5+ 1-0


[Site "https://www.chess.com"]

[Event "Titled Tuesday Blitz July 18 Late 2023"]
[White "Karas, Marek"]
[Black "Rasulov, Vugar"]
[WhiteFideId "14928558"]
[BlackFideId "13402390"]
[WhiteElo "2459"]
[BlackElo "2864"]
[Result "0-1"]
[Round "1"]
[TimeControl "180+2"]
[Date "2023.07.18"]
[WhiteClock "0:00:42"]
[BlackClock "0:02:16"]
[Board "39"]

1. d4 d5 2. Nf3 Nf6 3. c4 e6 4. Nc3 Bb4 5. Qa4+ Nc6 6. e3 O-O 7. Bd2 Re8 8. Qc2 Bf8 9. cxd5 exd5 10. Bd3 Nb4 11. Qb1 Nxd3+ 12. Qxd3 Ne4 13. O-O c6 14. Qe2 Bg4 15. h3 Bxf3 16. gxf3 Qg5+ 17. Kh1 Nxd2 18. Qxd2 Qf5 19. Kg2 Re6 20. e4 Rg6+ 21. Kh2 Qxf3 22. Rg1 dxe4 23. Rxg6 hxg6 24. Qe3 Qxe3 25. fxe3 f5 26. Rb1 a5 27. Kg2 Kf7 28. Rf1 Ke6 29. Kf2 g5 30. Ke2 Be7 31. Rd1 Rh8 32. d5+ cxd5 33. Rxd5 Bb4 34. Rb5 Bxc3 35. bxc3 Rxh3 36. Rb6+ Ke5 37. Rb5+ Kf6 38. Rb6+ Kf7 39. Rxb7+ Kg6 40. Rb6+ Kh5 41. Rb5 Rh2+ 42. Kf1 Kg4 0-1


[Site "https://www.chess.com"]

[Event "Titled Tuesday Blitz July 18 Late 2023"]
[White "Moskalenko, Alexander"]
[Black "Garcia Almaguer, Juan Manuel"]
[WhiteFideId "4155351"]
[BlackFideId "5110491"]
[WhiteElo "2862"]
[BlackElo "2456"]
[Result "1-0"]
[Round "1"]
[TimeControl "180+2"]
[Date "2023.07.18"]
[WhiteClock "0:01:16"]
[BlackClock "0:00:31"]
[Board "40"]

1. e4 e5 2. Nf3 Nc6 3. Bb5 a6 4. Ba4 Nf6 5. d3 Bc5 6. O-O b5 7. Bb3 O-O 8. c3 h6 9. Nbd2 Bb6 10. Re1 Re8 11. Nf1 d5 12. exd5 Nxd5 13. Ng3 Bg4 14. h3 Be6 15. Bc2 Qd6 16. d4 exd4 17. Qd3 g6 18. Bxh6 dxc3 19. bxc3 Qxg3 20. Kh1 Qd6 21. Nh4 Nde7 22. Qf3 Ne5 23. Qf6 1-0


[Site "https://www.chess.com"]

[Event "Titled Tuesday Blitz July 18 Late 2023"]
[White "Mujumdar, Sameer"]
[Black "Bartel, Mateusz"]
[WhiteFideId "2029707"]
[BlackFideId "1112635"]
[WhiteElo "2449"]
[BlackElo "2844"]
[Result "0-1"]
[Round "1"]
[TimeControl "180+2"]
[Date "2023.07.18"]
[WhiteClock "0:00:11"]
[BlackClock "0:00:11"]
[Board "41"]

1. d4 g6 2. Nf3 Bg7 3. c3 d6 4. Bg5 h6 5. Bh4 g5 6. Bg3 f5 7. e3 Nf6 8. Bd3 e6 9. h4 g4 10. Nfd2 Nh5 11. Qe2 Nxg3 12. fxg3 d5 13. c4 c6 14. Nc3 Nd7 15. Qf2 Nf6 16. Ne2 Ne4 17. Bxe4 dxe4 18. O-O O-O 19. Nf4 Kh7 20. Rad1 b6 21. b3 Qe8 22. Nb1 Ba6 23. Qc2 Rd8 24. Nc3 e5 25. dxe5 Qxe5 26. Nce2 c5 27. Rd5 Rxd5 28. Nxd5 b5 29. Nef4 Bb7 30. h5 Rf7 31. Ng6 Qxg3 32. Ndf4 Qxe3+ 33. Kh1 Qc3 34. Qd1 Qd4 35. Qe2 bxc4 36. Rd1 Qb2 37. Qxc4 Qf6 38. Rd6 Qxd6 39. Qxf7 g3 40. Nf8+ Qxf8 41. Qg6+ Kh8 42. Qxg3 Qf6 43. Ng6+ Kh7 44. Qc7 Bd5 45. Qxa7 e3 0-1


[Site "https://www.chess.com"]

[Event "Titled Tuesday Blitz July 18 Late 2023"]
[White "Gadimbayli, Abdulla"]
[Black "Castella Garcia, Fausto"]
[WhiteFideId "13404938"]
[BlackFideId "3501922"]
[WhiteElo "2836"]
[BlackElo "2446"]
[Result "1-0"]
[Round "1"]
[TimeControl "180+2"]
[Date "2023.07.18"]
[WhiteClock "0:01:02"]
[BlackClock "0:00:16"]
[Board "42"]

1. e4 c5 2. Nf3 d6 3. d4 cxd4 4. Nxd4 Nf6 5. Nc3 g6 6. Be3 Bg7 7. f3 O-O 8. Qd2 Nc6 9. O-O-O d5 10. exd5 Nxd5 11. Nxc6 bxc6 12. Bd4 Bxd4 13. Qxd4 Qb6 14. Na4 Qa5 15. b3 Bf5 16. Qc5 Qxc5 17. Nxc5 Rad8 18. Bd3 Nc3 19. Rde1 Bxd3 20. Nxd3 e6 21. Kb2 Nb5 22. Re4 Nd4 23. Rd1 Nf5 24. Rde1 Kg7 25. Rc4 Rd6 26. a4 Rfd8 27. Re5 Nd4 28. Ra5 Nxc2 29. Rxc2 Rxd3 30. Rxa7 Rb8 31. Rc3 Rd2+ 32. Rc2 Rd3 33. Rc3 Rd2+ 34. Ka3 Rxg2 35. Rxc6 Rxh2 36. Rcc7 Rf8 37. a5 Rf2 38. a6 Rxf3 39. Rab7 h5 40. a7 Rf1 41. Ka2 Rf2+ 42. Ka3 Rf1 43. b4 h4 44. b5 h3 45. Rc2 Ra1+ 46. Kb4 Rh8 47. Rf2 h2 48. Rbxf7+ Kg8 49. Rf8+ Kg7 50. R2f7+ 1-0


[Site "https://www.chess.com"]

[Event "Titled Tuesday Blitz July 18 Late 2023"]
[White "Gaal, Zsoka"]
[Black "Ozen, Bahadir"]
[WhiteFideId "777765"]
[BlackFideId "6337058"]
[WhiteElo "2445"]
[BlackElo "2831"]
[Result "0-1"]
[Round "1"]
[TimeControl "180+2"]
[Date "2023.07.18"]
[WhiteClock "0:00:02"]
[BlackClock "0:00:55"]
[Board "43"]

1. Nf3 g6 2. g3 Bg7 3. d4 Nf6 4. Bg2 O-O 5. b3 b5 6. Ne5 c6 7. O-O Bb7 8. c4 d6 9. Nd3 bxc4 10. bxc4 Nbd7 11. Nc3 Qc7 12. Rb1 Rab8 13. e4 e5 14. dxe5 dxe5 15. Be3 Ba8 16. Qa4 Nb6 17. Qa5 Rfd8 18. Nc5 Qe7 19. Rb4 Ng4 20. Bc1 Bf8 21. Na6 Rbc8 22. h3 Nf6 23. Be3 Nfd7 24. c5 Bb7 25. Rfb1 Bxa6 26. cxb6 Bd3 27. bxa7 Bxb1 28. Rxb1 Nc5 29. Na4 Nxa4 30. Qxa4 c5 31. Qa6 Ra8 32. Rb7 Rd7 33. Bxc5 Rxb7 34. Bxe7 Rbxa7 35. Qc6 Bxe7 36. Bf1 Rxa2 37. Bc4 Ra1+ 38. Kg2 Rf8 39. Qd7 Bf6 40. h4 h5 41. Bd5 Rb1 42. Qc6 Kg7 43. Qd6 Rbb8 44. Qc7 Rbc8 45. Qa7 Rce8 46. f4 Re7 47. Kh3 Rxa7 0-1


[Site "https://www.chess.com"]

[Event "Titled Tuesday Blitz July 18 Late 2023"]
[White "Perez Ponsa, Federico"]
[Black "Reprintsev, Alexander"]
[WhiteFideId "117927"]
[BlackFideId "14100541"]
[WhiteElo "2825"]
[BlackElo "2445"]
[Result "1-0"]
[Round "1"]
[TimeControl "180+2"]
[Date "2023.07.18"]
[WhiteClock "0:01:28"]
[BlackClock "0:01:05"]
[Board "44"]

1. e4 d5 2. exd5 Qxd5 3. Nc3 Qd6 4. d4 c6 5. Ne4 Qc7 6. Nf3 Bf5 7. Ng3 Bg6 8. h4 h6 9. Ne5 Bh7 10. Bf4 Qb6 11. Bc4 e6 12. Qh5 g6 13. Qe2 h5 14. Nxf7 Qb4+ 15. c3 Qxc4 16. Qxc4 Kxf7 17. Ne4 Be7 18. Be5 b5 19. Qb3 Bf6 20. Ng5+ 1-0


[Site "https://www.chess.com"]

[Event "Titled Tuesday Blitz July 18 Late 2023"]
[White "Ai, Evan"]
[Black "Karacsonyi, Gellert"]
[WhiteFideId "2094770"]
[BlackFideId "764620"]
[WhiteElo "2439"]
[BlackElo "2813"]
[Result "0-1"]
[Round "1"]
[TimeControl "180+2"]
[Date "2023.07.18"]
[WhiteClock "0:02:45"]
[BlackClock "0:02:42"]
[Board "45"]

1. d4 Nf6 2. Nf3 d5 3. c4 e6 4. g3 dxc4 5. Bg2 Bd7 6. O-O Bc6 7. Qc2 b5 8. a4 a6 9. axb5 axb5 10. Rxa8 Bxa8 11. Na3 Bxa3 12. bxa3 O-O 13. Bd2 Be4 14. Bb4 Bxc2 15. Bxf8 Qxf8 16. Rc1 Bb3 17. Ra1 c3 18. Ne1 c2 19. Nd3 Bc4 20. Nc1 Nbd7 0-1


[Site "https://www.chess.com"]

[Event "Titled Tuesday Blitz July 18 Late 2023"]
[White "Zelbel, Patrick"]
[Black "Glavina, Pablo"]
[WhiteFideId "24624322"]
[BlackFideId "100234"]
[WhiteElo "2812"]
[BlackElo "2437"]
[Result "1-0"]
[Round "1"]
[TimeControl "180+2"]
[Date "2023.07.18"]
[WhiteClock "0:01:00"]
[BlackClock "0:00:58"]
[Board "46"]

1. e4 c6 2. d3 d5 3. Nd2 e5 4. Ngf3 Bd6 5. d4 exd4 6. e5 Bc7 7. Nb3 Bg4 8. Qxd4 Bxf3 9. gxf3 Ne7 10. Bd2 Nd7 11. f4 Nf5 12. Qc3 Qh4 13. Bh3 Qh5 14. Bxf5 Qxf5 15. O-O-O Bb6 16. Rhg1 g6 17. e6 Nf6 18. Rg5 d4 19. Qc4 Qh3 20. exf7+ Kf8 21. Bb4+ Kg7 22. Nxd4 Nd5 23. Nf5+ Kf6 24. Bc3+ Nxc3 25. Rd6# 1-0


[Site "https://www.chess.com"]

[Event "Titled Tuesday Blitz July 18 Late 2023"]
[White "JonSnowNW1"]
[Black "Skvortsov, Andrei"]
[BlackFideId "24108600"]
[WhiteElo "2437"]
[BlackElo "2801"]
[Result "0-1"]
[Round "1"]
[TimeControl "180+2"]
[Date "2023.07.18"]
[WhiteClock "0:00:00"]
[BlackClock "0:02:08"]
[Board "47"]

1. c4 g6 2. Nc3 Bg7 3. g3 e5 4. Bg2 Ne7 5. Nf3 O-O 6. O-O d5 7. cxd5 Nxd5 8. d3 Ne7 9. Bg5 h6 10. Be3 Nf5 11. Bd2 a5 12. Qc1 Kh7 13. Ne4 Ra7 14. Bc3 Qe7 15. Qd2 b6 16. b3 c5 17. Qb2 Nc6 18. a4 Ncd4 19. e3 Nxf3+ 20. Bxf3 Rd8 21. Rfd1 Rad7 22. Be2 Ba6 23. Qc2 Qe6 24. Rd2 Ne7 25. Rad1 Nd5 26. Ba1 Nb4 27. Qb1 Bb7 28. Bf3 f5 29. d4 fxe4 30. Bxe4 exd4 31. Bxb7 Rxb7 32. exd4 cxd4 33. Bxd4 Rbd7 34. Re1 Qf7 35. Bxg7 Rxd2 36. Qc1 Qxf2+ 0-1


[Site "https://www.chess.com"]

[Event "Titled Tuesday Blitz July 18 Late 2023"]
[White "Oro, Faustino"]
[Black "Sztokbant, Bernardo Vainzoff"]
[WhiteFideId "20000197"]
[BlackFideId "2115956"]
[WhiteElo "2791"]
[BlackElo "2437"]
[Result "1-0"]
[Round "1"]
[TimeControl "180+2"]
[Date "2023.07.18"]
[WhiteClock "0:00:41"]
[BlackClock "0:00:04"]
[Board "48"]

1. e4 c5 2. Nf3 Nc6 3. Bb5 e6 4. O-O Nge7 5. c3 a6 6. Ba4 d5 7. exd5 Qxd5 8. d4 cxd4 9. Nxd4 Bd7 10. Bb3 Qa5 11. Nd2 Qc7 12. Ne4 Ng6 13. Be3 Be7 14. Qe2 O-O 15. Rad1 Rad8 16. Rfe1 Nxd4 17. Bxd4 Bc6 18. Bc2 e5 19. Be3 h6 20. Qg4 Kh7 21. Ng3 Bd7 22. Nf5 Bf6 23. Qh5 Kg8 24. Bb3 Bxf5 25. Qxf5 Ne7 26. Qg4 Kh8 27. Bc2 Rxd1 28. Rxd1 Qc6 29. h3 Kg8 30. Be4 Qa4 31. Bh7+ 1-0


[Site "https://www.chess.com"]

[Event "Titled Tuesday Blitz July 18 Late 2023"]
[White "Disconzi da Silva, Rodrigo"]
[Black "Tristan, Leonardo"]
[WhiteFideId "2100991"]
[BlackFideId "113816"]
[WhiteElo "2435"]
[BlackElo "2786"]
[Result "0-1"]
[Round "1"]
[TimeControl "180+2"]
[Date "2023.07.18"]
[WhiteClock "0:00:15"]
[BlackClock "0:00:31"]
[Board "49"]

1. d4 d5 2. c4 e6 3. Nc3 a6 4. Nf3 dxc4 5. e4 b5 6. a4 b4 7. Ne2 Bb7 8. Ng3 Nf6 9. e5 Nd5 10. Bxc4 c5 11. O-O Be7 12. dxc5 Nd7 13. c6 Bxc6 14. a5 O-O 15. Qe2 Bb7 16. Rd1 Qc7 17. Nh5 Rfc8 18. Bd3 Nc5 19. Bg5 Qd8 20. Bxe7 Qxe7 21. g3 g6 22. Nf4 Nxf4 23. gxf4 Rd8 24. Bc4 Qc7 25. Nd4 Rac8 26. Rac1 Rxd4 27. Rxd4 Nb3 28. Rcd1 Nxd4 29. Rxd4 Qxa5 30. f3 Qc5 31. Qe3 Kg7 32. Kf2 a5 33. b3 Bc6 34. Rd6 Qxe3+ 35. Kxe3 a4 36. bxa4 Bxa4 37. Bd3 Rb8 38. Bb1 Bb3 39. Ra6 Bd5 40. Kd4 Bxf3 41. h4 h5 42. Ra7 b3 43. f5 gxf5 44. Bxf5 exf5 45. e6 b2 46. Rxf7+ Kg8 0-1


[Site "https://www.chess.com"]

[Event "Titled Tuesday Blitz July 18 Late 2023"]
[White "Elsa167"]
[Black "Kovacsy, Barnabas"]
[BlackFideId "769290"]
[WhiteElo "2785"]
[BlackElo "2435"]
[Result "1-0"]
[Round "1"]
[TimeControl "180+2"]
[Date "2023.07.18"]
[WhiteClock "0:02:38"]
[BlackClock "0:01:50"]
[Board "50"]

1. d4 Nf6 2. c4 g6 3. Nc3 d5 4. Nf3 Bg7 5. Bg5 dxc4 6. e4 c5 7. d5 b5 8. d6 O-O 9. e5 b4 10. dxe7 Qxe7 11. Bxf6 1-0


[Site "https://www.chess.com"]

[Event "Titled Tuesday Blitz July 18 Late 2023"]
[White "Rios Escobar, Adan"]
[Black "Kadric, Denis"]
[WhiteFideId "3403645"]
[BlackFideId "14403803"]
[WhiteElo "2433"]
[BlackElo "2784"]
[Result "0-1"]
[Round "1"]
[TimeControl "180+2"]
[Date "2023.07.18"]
[WhiteClock "0:00:01"]
[BlackClock "0:00:38"]
[Board "51"]

1. d4 d6 2. g3 e5 3. dxe5 dxe5 4. Qxd8+ Kxd8 5. f4 e4 6. Bg2 f5 7. Be3 Nf6 8. h3 Nc6 9. Nd2 Be6 10. O-O-O Bd6 11. g4 g6 12. Nb3 Nb4 13. Bd4 Rf8 14. Bc5 Nbd5 15. e3 Ke7 16. Bd4 fxg4 17. hxg4 Bxg4 18. Rd2 b6 19. Nh3 c5 20. Bxf6+ Nxf6 21. Ng5 Bf5 22. Nxh7 Ng4 23. Ng5 Rh8 24. Rhd1 Rad8 25. Nxe4 Bxe4 26. Bxe4 Nxe3 27. Re1 Bxf4 28. Rxd8 Rxd8 29. Kb1 Kf6 30. Nc1 Rd1 31. Rxd1 Nxd1 32. Nd3 Be5 33. c3 Ne3 34. Kc1 g5 35. Kd2 Nc4+ 36. Kc2 Nd6 37. Bd5 g4 38. a4 Kf5 39. a5 Ne4 40. axb6 axb6 41. Bxe4+ Kxe4 42. b4 c4 43. Nf2+ Kf3 44. Nd1 g3 45. Kd2 Bf4+ 46. Ke1 g2 47. Nf2 g1=Q# 0-1


[Site "https://www.chess.com"]